[Event "Titled Tuesday Blitz May 10 Early 2022"]
[White "FGHSMN"]
[Black "Shashikant, Kutwal"]
[BlackFideId "5006520"]
[WhiteElo "2758"]
[BlackElo "2321"]
[Result "1-0"]
[Round "01"]
[TimeControl "180+1"]
[Date "2022.05.11"]
[WhiteClock "0:00:34"]
[BlackClock "0:00:03"]

1. c4 e5 2. Nf3 Nc6 3. d4 exd4 4. Nxd4 Nf6 5. Nxc6 dxc6 6. Qxd8+ Kxd8 7. Bg5 Bb4+ 8. Nd2 Ke7 9. O-O-O h6 10. Bh4 g5 11. Bg3 Bd6 12. e4 Bxg3 13. hxg3 Ng4 14. f3 Nf2 15. Be2 Nxh1 16. Rxh1 Be6 17. g4 c5 18. Nf1 Rad8 19. Ne3 c6 20. g3 f6 21. Kc2 Rd4 22. Kc3 a6 23. b3 b5 24. Nc2 b4+ 25. Kb2 Rd2 26. Rh2 Rhd8 27. Kb1 h5 28. gxh5 f5 29. Ne3 fxe4 30. fxe4 R8d4 31. h6 Rd8 32. Nf1 R2d4 33. Bf3 g4 34. Be2 Rxe4 35. h7 Rh8 36. Bd3 Re5 37. Rh6 Bf5 38. Bxf5 Rxf5 39. Ne3 Rf3 40. Nxg4 Rxg3 41. Ne5 Rg1+ 42. Kc2 Rg2+ 43. Kd3 Kf8 44. Rxc6 Rxh7 45. Rxa6 Rh3+ 46. Ke4 Re2+ 47. Kd5 Rh5 48. Re6 Kg7 49. Kd6 Rxa2 50. Re7+ Kf6 51. Nd7+ Kf5 52. Re5+ Kg4 53. Nf6+ Kf4 54. Nxh5+ Kg4 55. Kxc5 Ra5+ 56. Kd4 Rxe5 57. Kxe5 Kxh5 1-0


[Site "https://www.chess.com"]

[Event "Titled Tuesday Blitz May 10 Early 2022"]
[White "Fajdetic, Hrvoje"]
[Black "Fromm, Marius"]
[WhiteFideId "14501945"]
[BlackFideId "12993190"]
[WhiteElo "2172"]
[BlackElo "2569"]
[Result "0-1"]
[Round "01"]
[TimeControl "180+1"]
[Date "2022.05.11"]
[WhiteClock "0:00:04"]
[BlackClock "0:00:05"]

1. d4 Nf6 2. Bf4 e6 3. e3 d5 4. Nf3 Bd6 5. Bg3 O-O 6. Bd3 c5 7. c3 Qc7 8. Ne5 b6 9. f4 Ba6 10. Bxa6 Nxa6 11. Nd2 Nb8 12. Bh4 Nbd7 13. O-O Rac8 14. a4 Rfe8 15. Rf3 g6 16. Bg5 Bf8 17. Rh3 Bg7 18. Qe1 Nf8 19. Qh4 N6d7 20. Bh6 Qd8 21. Qf2 Bxh6 22. Rxh6 Qf6 23. g4 Qg7 24. Rh3 f6 25. Nxd7 Nxd7 26. Rg3 e5 27. h4 cxd4 28. exd4 Nf8 29. g5 exd4 30. f5 fxg5 31. f6 Qf7 32. hxg5 dxc3 33. bxc3 Ne6 34. Nf3 Rxc3 35. Ne5 Rxg3+ 36. Qxg3 Nd4 37. Nxf7 Ne2+ 38. Kf2 Nxg3 39. Nh6+ Kf8 40. Kxg3 Re5 41. Kf4 Re4+ 42. Kf3 Re5 43. Kg4 Re4+ 44. Kh3 Re5 45. Kh4 d4 46. Rc1 Rc5 47. Re1 d3 48. Re7 Rc4+ 49. Kg3 d2 50. Rd7 Rc3+ 51. Kh4 Rc4+ 52. Ng4 Rc2 53. Nh6 Ke8 54. Rd3 Rc4+ 55. Kg3 Rc3 56. f7+ Ke7 57. Rxc3 d1=Q 58. Rc7+ Ke6 59. Rc6+ Kd7 60. f8=Q Kxc6 61. Qf3+ Qxf3+ 62. Kxf3 Kc5 63. Ng8 Kb4 64. Nf6 Kxa4 65. Nxh7 b5 66. Nf8 b4 67. Nxg6 b3 68. Nf4 b2 69. Ne2 Kb3 70. Nd4+ Kc3 71. Ne2+ Kd2 72. g6 b1=Q 73. Nf4 Qb8 74. g7 Qg8 75. Nh5 Qf7+ 76. Ke4 Qg6+ 77. Kd4 a5 78. Kc4 a4 79. Kb4 Qg4+ 80. Ka3 Kc2 81. Ka2 Qc4+ 82. Ka1 Qc3+ 83. Ka2 Qb2# 0-1


[Site "https://www.chess.com"]

[Event "Titled Tuesday Blitz May 10 Early 2022"]
[White "Fathy, Elameir"]
[Black "Kadric, Denis"]
[WhiteFideId "10600396"]
[BlackFideId "14403803"]
[WhiteElo "2311"]
[BlackElo "2657"]
[Result "0-1"]
[Round "01"]
[TimeControl "180+1"]
[Date "2022.05.11"]
[WhiteClock "0:00:36"]
[BlackClock "0:01:20"]

1. d4 d6 2. Nf3 g6 3. c4 Bg7 4. Nc3 Nd7 5. e4 e5 6. Be2 Nh6 7. h3 O-O 8. O-O c6 9. d5 c5 10. a3 f6 11. Be3 Nf7 12. b4 Bh6 13. Bxh6 Nxh6 14. Nb5 Nf7 15. Nd2 a6 16. Nc3 f5 17. exf5 gxf5 18. Qc2 e4 19. f4 cxb4 20. axb4 Qb6+ 21. Kh2 Qxb4 22. Rab1 Qc5 23. g4 Nf6 24. gxf5 Bxf5 25. Rxb7 Qe3 26. Nb3 Qxh3+ 27. Kg1 Kh8 28. Kf2 e3+ 29. Ke1 Bxc2 0-1


[Site "https://www.chess.com"]

[Event "Titled Tuesday Blitz May 10 Early 2022"]
[White "Federzoni, Enzo"]
[Black "Nenezic, Marko"]
[WhiteFideId "2173301"]
[BlackFideId "912123"]
[WhiteElo "1956"]
[BlackElo "2457"]
[Result "0-1"]
[Round "01"]
[TimeControl "180+1"]
[Date "2022.05.11"]
[WhiteClock "0:00:14"]
[BlackClock "0:00:16"]

1. c4 Nf6 2. Nc3 g6 3. e4 d6 4. d4 Bg7 5. Nf3 O-O 6. Bd3 Bg4 7. Be2 Nfd7 8. O-O Nc6 9. Be3 e5 10. d5 Bxf3 11. Bxf3 Nd4 12. Bxd4 exd4 13. Ne2 d3 14. Qxd3 Bxb2 15. Rab1 Bg7 16. Nd4 Nc5 17. Qd2 Re8 18. Rfe1 Bxd4 19. Qxd4 Qe7 20. g3 Qe5 21. Qd2 Qf6 22. Bg2 Re7 23. h4 Rae8 24. f3 b6 25. Re2 Kg7 26. Kh2 h6 27. Rbe1 g5 28. h5 Qe5 29. Bh3 a5 30. Bf5 a4 31. f4 Qf6 32. fxg5 Qxg5 33. Qxg5+ hxg5 34. Kh3 Kh6 35. Kg4 Nd3 36. Rf1 Ne5+ 37. Kh3 Kxh5 38. Kg2 Kh6 39. Rh1+ Kg7 40. Rh7+ Kf6 41. Rh6+ Kg7 42. Rh7+ Kg8 43. Kf1 Ng6 44. Reh2 Rxe4 45. Bxg6 Re1+ 46. Kf2 R8e2+ 47. Kf3 Rxh2 48. Rxh2 fxg6 49. Rc2 Kg7 50. Kg4 Kf6 51. Rf2+ Kg7 52. Kxg5 Re5+ 53. Kf4 Rf5+ 54. Ke3 Rxf2 55. Kxf2 Kf6 56. Ke3 Ke5 57. a3 b5 58. cxb5 Kxd5 59. Kf4 Ke6 60. Kg5 Kf7 61. g4 d5 62. Kf4 Kf6 63. Ke3 Ke5 64. Kd3 g5 65. Ke3 d4+ 66. Kd3 Kd5 0-1


[Site "https://www.chess.com"]

[Event "Titled Tuesday Blitz May 10 Early 2022"]
[White "Fier, Alexandr"]
[Black "Namitbir Singh Walia"]
[WhiteFideId "2107139"]
[BlackFideId "35071068"]
[WhiteElo "2571"]
[BlackElo "1565"]
[Result "1-0"]
[Round "01"]
[TimeControl "180+1"]
[Date "2022.05.11"]
[WhiteClock "0:00:59"]
[BlackClock "0:00:10"]

1. d4 Nf6 2. c4 e6 3. Nc3 Bb4 4. e3 O-O 5. Ne2 c5 6. a3 Ba5 7. dxc5 Bc7 8. Ng3 Qe7 9. b4 a5 10. Bb2 Nc6 11. b5 Ne5 12. Na4 Rd8 13. Be2 d6 14. cxd6 Bxd6 15. Qc2 Neg4 16. O-O h5 17. Rfd1 Nxh2 18. Rxd6 Rxd6 19. Kxh2 Ng4+ 20. Bxg4 hxg4 21. Rd1 Bd7 22. Ne4 Rxd1 23. Qxd1 Rd8 24. Qxg4 f5 25. Qg5 Qxg5 26. Nxg5 Bc8 27. Nf3 Rd3 28. Nb6 Bd7 29. Ne5 Rd2 30. Bc3 Rc2 31. Bxa5 Be8 32. f4 Bh5 33. Nbd7 Be2 34. Kg1 Bxc4 35. Nxc4 Rxc4 36. Bb6 Rc3 37. a4 Ra3 38. a5 Rb3 39. Nc5 Rxb5 40. Nxb7 Kf7 41. Nd6+ 1-0


[Site "https://www.chess.com"]

[Event "Titled Tuesday Blitz May 10 Early 2022"]
[White "Garagulya, Konstantin"]
[Black "Steinberg, Nitzan"]
[WhiteFideId "4128931"]
[BlackFideId "2801795"]
[WhiteElo "2329"]
[BlackElo "2471"]
[Result "0-1"]
[Round "01"]
[TimeControl "180+1"]
[Date "2022.05.10"]
[WhiteClock "0:00:04"]
[BlackClock "0:00:12"]

1. d4 d5 2. Nf3 Nf6 3. c4 e6 4. Bg5 c6 5. Nbd2 Be7 6. e3 Nbd7 7. Qc2 b6 8. cxd5 cxd5 9. Qc6 Rb8 10. Bf4 Bb7 11. Qa4 Ra8 12. Rc1 O-O 13. Ba6 Bxa6 14. Qxa6 Nh5 15. Be5 Nxe5 16. Nxe5 Bb4 17. Qd3 Nf6 18. O-O Bxd2 19. Qxd2 Rc8 20. f3 Qd6 21. a3 h6 22. Qd3 Nd7 23. Nxd7 Qxd7 24. Qa6 Rc7 25. Qd3 Rfc8 26. Qd2 Qb5 27. Kf2 a5 28. Rxc7 Rxc7 29. Rc1 Rc4 30. Rc3 Qc6 31. Rxc4 Qxc4 32. Qe2 Qb3 33. Qd2 h5 34. h4 g6 35. Kg3 Kg7 36. Kf4 Qc4 37. Kg3 Qc7+ 38. Kf2 Qh2 39. Qc3 Qxh4+ 40. Kf1 Qh1+ 41. Kf2 Qb1 42. Qb3 h4 43. Qxb6 Qc2+ 44. Kg1 a4 45. Qb4 Qc1+ 46. Kf2 Qc2+ 47. Kg1 g5 48. Qc3 Qxc3 49. bxc3 Kf8 50. e4 f5 51. exf5 exf5 52. Kf2 Ke7 53. Ke3 Kd6 54. Kd3 Kc6 55. c4 dxc4+ 56. Kxc4 g4 57. fxg4 fxg4 58. Kd3 h3 59. gxh3 gxh3 0-1


[Site "https://www.chess.com"]

[Event "Titled Tuesday Blitz May 10 Early 2022"]
[White "Gatterer, Florian"]
[Black "Csonka, Balazs"]
[WhiteFideId "811688"]
[BlackFideId "742910"]
[WhiteElo "2218"]
[BlackElo "2404"]
[Result "0-1"]
[Round "01"]
[TimeControl "180+1"]
[Date "2022.05.11"]
[WhiteClock "0:00:04"]
[BlackClock "0:00:09"]

1. c4 e5 2. Nc3 Nf6 3. Nf3 Nc6 4. g3 e4 5. Ng5 Ng4 6. Ngxe4 f5 7. h3 Nh6 8. d4 fxe4 9. Bxh6 gxh6 10. Nxe4 Bg7 11. e3 Qe7 12. Qh5+ Kd8 13. Bg2 Qb4+ 14. Nd2 Qxb2 15. Rb1 Qxa2 16. Qh4+ Ne7 17. Bxb7 Rb8 18. Be4 Rxb1+ 19. Bxb1 Qb2 20. Ke2 Rf8 21. Rf1 Qb6 22. Bxh7 Qf6 23. Qh5 d6 24. Be4 Be6 25. d5 Bf5 26. Bxf5 Qxf5 27. Qxf5 Nxf5 28. g4 Ne7 29. f4 Kd7 30. Rb1 Ra8 31. Rb3 a5 32. Ra3 a4 33. e4 Bb2 34. Ra2 a3 35. Kd3 c6 36. Nb1 cxd5 37. exd5 Nc8 38. Nc3 Nb6 39. Nb5 Na4 40. f5 Nc5+ 41. Kc2 Ra4 42. Nxa3 Bxa3 43. Ra1 Rxc4+ 44. Kd2 Nb3+ 45. Kd3 Rd4+ 46. Ke3 Nxa1 47. Kxd4 Bb2+ 48. Ke4 Ke7 49. h4 Kf6 50. Kf4 Bc1+ 51. Ke4 Nb3 52. Kd3 Nc5+ 53. Kc4 Bf4 54. Kb5 Bg3 55. g5+ hxg5 56. hxg5+ Kxg5 57. Kc6 Kxf5 58. Kc7 Ke5 59. Kc6 Kd4 60. Kc7 Kxd5 61. Kd8 Ke6 62. Kc8 d5 0-1


[Site "https://www.chess.com"]

[Event "Titled Tuesday Blitz May 10 Early 2022"]
[White "Gheorghiu, Calin"]
[Black "Gharibyan, Mamikon"]
[WhiteFideId "1200305"]
[BlackFideId "13308300"]
[WhiteElo "2168"]
[BlackElo "2254"]
[Result "0-1"]
[Round "01"]
[TimeControl "180+1"]
[Date "2022.05.11"]
[WhiteClock "0:01:14"]
[BlackClock "0:01:29"]

1. e4 c5 2. c3 e6 3. d4 d5 4. e5 Nc6 5. Nf3 Qb6 6. Bd3 Nge7 7. dxc5 Qxc5 8. O-O Ng6 9. Qe2 Qb6 10. Be3 Qc7 11. Bd4 Nf4 12. Qc2 Nxd3 13. Qxd3 Be7 14. Nbd2 Bd7 15. a4 O-O 16. Rfe1 a6 17. Qe3 b5 18. axb5 axb5 19. Rxa8 Rxa8 20. h4 Be8 21. h5 h6 22. Nh2 b4 23. Ng4 Bg5 24. f4 Bh4 25. Rf1 Ne7 26. cxb4 Bb5 27. Rf3 Nf5 28. Qc3 Qd8 29. Nb3 Be2 30. Rh3 Bxg4 0-1


[Site "https://www.chess.com"]

[Event "Titled Tuesday Blitz May 10 Early 2022"]
[White "Girinath, P.D.S."]
[Black "Goltsev, Dmitry"]
[WhiteFideId "5000572"]
[BlackFideId "24176710"]
[WhiteElo "2369"]
[BlackElo "2258"]
[Result "0-1"]
[Round "01"]
[TimeControl "180+1"]
[Date "2022.05.11"]
[WhiteClock "0:00:36"]
[BlackClock "0:01:33"]

1. e4 e6 2. d3 d5 3. Qe2 Nf6 4. Nf3 c5 5. g3 Nc6 6. Bg2 Be7 7. O-O dxe4 8. dxe4 e5 9. c3 Qc7 10. Na3 a6 11. Nc4 b5 12. Ne3 O-O 13. a4 Bb7 14. Nd5 Nxd5 15. exd5 Na5 16. Qxe5 Bd6 17. Qh5 Nb3 18. Rb1 Nxc1 19. Rbxc1 bxa4 20. Ng5 h6 21. Ne4 Rad8 22. c4 Be5 23. Rc2 Bd4 24. Nd2 Rfe8 25. Nf3 Bf6 26. h4 Qb6 27. Nd2 Bxb2 28. Ne4 a3 29. Qe2 f5 0-1


[Site "https://www.chess.com"]

[Event "Titled Tuesday Blitz May 10 Early 2022"]
[White "Golizadeh, Asghar"]
[Black "Fedoseev, Vladimir"]
[WhiteFideId "12505269"]
[BlackFideId "24130737"]
[WhiteElo "2403"]
[BlackElo "2726"]
[Result "0-1"]
[Round "01"]
[TimeControl "180+1"]
[Date "2022.05.10"]
[WhiteClock "0:00:08"]
[BlackClock "0:00:25"]

1. e4 c5 2. Nc3 Nc6 3. Bb5 Nd4 4. Nf3 a6 5. Bd3 e6 6. O-O Nxf3+ 7. Qxf3 Ne7 8. e5 Nc6 9. Re1 b5 10. Be4 Nxe5 11. Qg3 Nc6 12. d3 Bb7 13. Nd5 d6 14. Bg5 Qb8 15. Nf6+ gxf6 16. Bxf6 d5 17. Qh4 Be7 18. Bxd5 Qd8 19. Bxc6+ Bxc6 20. Qh5 Rg8 21. Rxe6 Bxg2 22. Qxh7 Rg4 23. f3 Bxf3+ 24. Kf2 fxe6 25. Qh5+ Kd7 26. Bxe7 Qxe7 27. Kxf3 Rg5 28. Qh3 Rf8+ 29. Ke2 Re5+ 30. Kd2 Rf2+ 31. Kc3 Ree2 32. Rc1 Qg5 33. Qh7+ Kd6 34. Qb7 Qd2+ 35. Kb3 Qb4# 0-1


[Site "https://www.chess.com"]

[Event "Titled Tuesday Blitz May 10 Early 2022"]
[White "Gurevich, Dmitry"]
[Black "Zhigalko, Sergei"]
[WhiteFideId "2000407"]
[BlackFideId "13502956"]
[WhiteElo "2506"]
[BlackElo "2662"]
[Result "0-1"]
[Round "01"]
[TimeControl "180+1"]
[Date "2022.05.10"]
[WhiteClock "0:02:04"]
[BlackClock "0:02:10"]

1. d4 Nf6 2. c4 e6 3. Nf3 b6 4. g3 Ba6 5. b3 Bb4+ 6. Bd2 Be7 7. Bg2 c6 8. O-O d5 9. Qc2 Nbd7 10. Bf4 O-O 11. Nbd2 Nh5 12. Be3 Rc8 13. Rac1 h6 14. Rfe1 Bb4 15. Qb2 Qe7 16. Rc2 Rfd8 17. Rd1 c5 18. cxd5 exd5 19. a3 cxd4 20. Bxd4 Bxa3 21. Qa1 Rxc2 0-1


[Site "https://www.chess.com"]

[Event "Titled Tuesday Blitz May 10 Early 2022"]
[White "Hakobyan, Aram"]
[Black "Migot, Tangi"]
[WhiteFideId "13306677"]
[BlackFideId "662445"]
[WhiteElo "2557"]
[BlackElo "2510"]
[Result "1-0"]
[Round "01"]
[TimeControl "180+1"]
[Date "2022.05.10"]
[WhiteClock "0:00:07"]
[BlackClock "0:00:06"]

1. d4 Nf6 2. c4 g6 3. g3 d5 4. cxd5 Nxd5 5. Bg2 Nb6 6. e4 Bg7 7. Ne2 c5 8. d5 O-O 9. O-O e6 10. a4 exd5 11. exd5 Bf5 12. Nec3 Nc4 13. Na3 Nxa3 14. Rxa3 Qd7 15. Re1 Na6 16. d6 Nb4 17. Re7 Qd8 18. Rxb7 Rb8 19. Rxa7 Nc2 20. Ra2 Nd4 21. Bf4 Be6 22. Nd5 g5 23. Bc1 Qxd6 24. Ne7+ Kh8 25. Ra3 Bb3 26. Qh5 Qe6 27. Be3 Rfe8 28. Qxg5 c4 29. h4 f6 30. Qc5 Ne2+ 31. Kf1 Bf8 32. Kxe2 Bxe7 33. Rxe7 Rxe7 34. a5 Qd7 35. Bd5 Rd8 36. a6 Qxd5 37. Qxd5 Rxd5 38. a7 Rd8 39. a8=Q Rxa8 40. Rxa8+ Kg7 41. Rd8 Rb7 42. Rd2 Kg6 43. Bd4 h5 44. Kf3 Re7 45. Bc3 Re6 46. Rd4 Re7 47. Kg2 Re6 48. f3 Re2+ 49. Kf1 Rh2 50. Rd6 Bd1 51. Rxf6+ Kh7 52. Rf4 Rc2 53. Ke1 Be2 54. Rf7+ Kg6 55. Rf6+ Kh7 56. Rf5 Kg6 57. Rg5+ Kh6 58. Bg7+ Kh7 59. Bd4 Kh6 60. Be3 Bxf3 61. Rf5+ Kg6 62. Rxf3 Rxb2 63. Rf6+ Kg7 64. Rc6 Rg2 65. Bf4 c3 66. Rxc3 Kg6 67. Rc5 Kf6 68. Rg5 Rh2 69. Rxh5 Rxh4 70. Rxh4 1-0


[Site "https://www.chess.com"]

[Event "Titled Tuesday Blitz May 10 Early 2022"]
[White "Hambleton, Aman"]
[Black "Navalgund, Niranjan"]
[WhiteFideId "2606577"]
[BlackFideId "5030854"]
[WhiteElo "2552"]
[BlackElo "2290"]
[Result "1-0"]
[Round "01"]
[TimeControl "180+1"]
[Date "2022.05.11"]
[WhiteClock "0:00:03"]
[BlackClock "0:00:06"]

1. d4 Nf6 2. c4 e6 3. Nc3 Bb4 4. Qc2 O-O 5. Nf3 Nc6 6. a3 Bxc3+ 7. Qxc3 Ne4 8. Qc2 f5 9. b4 b6 10. Bb2 a5 11. b5 Ne7 12. e3 Bb7 13. Be2 Ng6 14. h4 f4 15. Bd3 d5 16. cxd5 exd5 17. h5 Ne7 18. Ne5 Qd6 19. f3 fxe3 20. fxe4 Rf2 21. Be2 dxe4 22. Qb3+ Bd5 23. Qxe3 Raf8 24. O-O-O c6 25. Rdf1 Rxf1+ 26. Rxf1 Rxf1+ 27. Bxf1 cxb5 28. Bxb5 Nf5 29. Qc3 e3 30. Qc8+ Qf8 31. Qxf8+ Kxf8 32. g4 Ng3 33. Kd1 Ke7 34. Ke1 Ke6 35. Bc1 e2 36. Bd7+ Kd6 37. Bf4 Ke7 38. Bxg3 Bc4 39. Nxc4 1-0


[Site "https://www.chess.com"]

[Event "Titled Tuesday Blitz May 10 Early 2022"]
[White "Hansch, Karsten"]
[Black "Sjugirov, Sanan"]
[WhiteFideId "24692239"]
[BlackFideId "4189302"]
[WhiteElo "2358"]
[BlackElo "2602"]
[Result "0-1"]
[Round "01"]
[TimeControl "180+1"]
[Date "2022.05.10"]
[WhiteClock "0:02:25"]
[BlackClock "0:02:15"]

1. e4 c6 2. d4 d5 3. e5 Bf5 4. h4 h6 5. g4 Bd7 6. h5 e6 7. Be3 c5 8. dxc5 Qc7 9. Nc3 Bxc5 10. Nb5 Bxb5 11. Bxb5+ Kf8 12. Bxc5+ Qxc5 13. Qd3 a6 0-1


[Site "https://www.chess.com"]

[Event "Titled Tuesday Blitz May 10 Early 2022"]
[White "Dronavalli, Harika"]
[Black "Skuhala, Barbara"]
[WhiteFideId "5015197"]
[BlackFideId "14605465"]
[WhiteElo "2382"]
[BlackElo "2155"]
[Result "1-0"]
[Round "01"]
[TimeControl "180+1"]
[Date "2022.05.11"]
[WhiteClock "0:00:30"]
[BlackClock "0:01:25"]

1. Nf3 Nf6 2. e3 e6 3. b3 d5 4. Bb2 Be7 5. g3 O-O 6. Bg2 c5 7. O-O b6 8. c4 Bb7 9. Nc3 dxc4 10. bxc4 Nc6 11. Qe2 Rc8 12. Rfd1 Qc7 13. Rab1 Rfd8 14. Ne1 Na5 15. f4 Bxg2 16. Nxg2 Qc6 17. g4 Ne4 18. Nb5 Qb7 19. d3 Nd6 20. Nxd6 Bxd6 21. g5 Nc6 22. h4 Bf8 23. h5 Ne7 24. Nh4 Rd7 25. g6 hxg6 26. hxg6 Nxg6 27. Nxg6 fxg6 28. Qg4 Rf7 29. Kf2 Re8 30. Be5 Be7 31. Rh1 Bf6 32. Qh3 Kf8 33. Bd6+ Rfe7 34. Qg4 Qd7 35. Bxe7+ Kxe7 36. Ke2 Rd8 37. Rbd1 Qa4 38. Qxg6 Qxa2+ 39. Rd2 Qb3 40. f5 e5 41. Rh7 Rg8 42. Qg2 Qa4 43. Qd5 Re8 44. Kf3 Qd7 45. Qxd7+ Kxd7 46. Ke4 Kd6 47. Rb2 Rb8 48. Rh1 Kc6 49. Ra2 a5 50. Rb2 Rd8 51. Rhb1 Rb8 52. Rb5 Rb7 53. R1b2 Rb8 54. Rxa5 Rb7 55. Ra6 Rb8 56. Rb1 Rb7 57. Ra8 Kd6 58. Rg8 Kc6 59. Rc8+ Kd6 60. Rh1 Kd7 61. Rhh8 Ra7 62. Ra8 Rb7 63. Rhb8 Kc6 64. Rxb7 Kxb7 65. Rf8 Kc6 66. Rf7 b5 67. cxb5+ Kxb5 68. Kd5 Kb4 69. Ra7 Kc3 70. Ra3+ Kb4 71. Ra6 Kc3 72. Ke4 Kb4 73. Rc6 Kb5 74. Kd5 1-0


[Site "https://www.chess.com"]

[Event "Titled Tuesday Blitz May 10 Early 2022"]
[White "Harshavardhan G B"]
[Black "Danaci, Ege"]
[WhiteFideId "25059009"]
[BlackFideId "34506748"]
[WhiteElo "1831"]
[BlackElo "1799"]
[Result "0-1"]
[Round "01"]
[TimeControl "180+1"]
[Date "2022.05.11"]
[WhiteClock "0:00:13"]
[BlackClock "0:00:07"]

1. Nf3 Nf6 2. g3 g6 3. Bg2 Bg7 4. O-O O-O 5. d4 d5 6. c4 dxc4 7. Na3 c3 8. bxc3 c5 9. Rb1 cxd4 10. cxd4 Nc6 11. Bf4 Nd5 12. Bd2 Nb6 13. e3 Bf5 14. Rc1 Be4 15. Qb3 e5 16. Bc3 exd4 17. Nxd4 Bxg2 18. Kxg2 Nxd4 19. Bxd4 Bxd4 20. Rfd1 Rc8 21. Rxc8 Qxc8 22. Rxd4 Qc6+ 23. Kg1 Rc8 24. Nb5 Qf3 25. Rd1 h5 26. h4 Nc4 27. Rc1 Nd6 28. Rxc8+ Nxc8 29. Qd3 Qc6 30. Qd8+ Kg7 31. Nd4 Qc1+ 32. Kg2 Nb6 33. Qe7 Qc4 34. Qe5+ Kh7 35. Nf3 Qd5 36. Qf6 Nc4 37. Kh2 Nd6 38. Ng5+ Kg8 39. Qd8+ Kg7 40. e4 Qd2 41. Kg2 Nxe4 42. Qe7 Qxf2+ 0-1


[Site "https://www.chess.com"]

[Event "Titled Tuesday Blitz May 10 Early 2022"]
[White "Hoffmann, Asa"]
[Black "Khumalo, Keith"]
[WhiteFideId "2001470"]
[BlackFideId "14319470"]
[WhiteElo "2117"]
[BlackElo "2057"]
[Result "1-0"]
[Round "01"]
[TimeControl "180+1"]
[Date "2022.05.11"]
[WhiteClock "0:00:14"]
[BlackClock "0:00:47"]

1. d4 Nf6 2. Bg5 Ne4 3. Bf4 c5 4. f3 Nf6 5. dxc5 Qa5+ 6. Nc3 Qxc5 7. e4 d6 8. Qd2 g6 9. Be3 Qa5 10. Nb5 Qd8 11. Nxa7 Bg7 12. Nb5 O-O 13. Bh6 Bxh6 14. Qxh6 Bd7 15. Nc3 b5 16. Qd2 b4 17. Nd1 Nc6 18. Bd3 Qb6 19. Ne2 Rfc8 20. Qe3 Qa5 21. O-O Ne5 22. Nf2 Nc4 23. Qc1 Qb6 24. Bxc4 Rxc4 25. Qd2 Qc7 26. Rfc1 Rc8 27. Nd4 Qb6 28. Nb3 Ba4 29. Kf1 Bb5 30. Ke1 Nd7 31. c3 bxc3 32. Rxc3 Ne5 33. Rac1 h5 34. h3 Kg7 35. f4 Rxc3 36. Rxc3 Nc4 37. Qd4+ Qxd4 38. Nxd4 Bd7 39. b3 Na3 40. Rxc8 Bxc8 41. Kd2 e5 42. fxe5 dxe5 43. Nf3 f6 44. Nd3 Ba6 45. Nfe1 Nb5 46. a4 Nd6 47. Nf2 Kf7 48. Ke3 Ke6 49. Ned3 Ke7 50. Nb2 Bf1 51. g3 f5 52. h4 Bg2 53. Nbd3 Kf6 54. a5 g5 55. hxg5+ Kxg5 56. a6 Nxe4 57. Nxe5 Nxg3 58. Nf3+ Kf6 59. a7 Nf1+ 60. Kf4 Bxf3 61. Kxf3 Nd2+ 62. Ke2 Nxb3 63. a8=Q Nd4+ 64. Ke3 Ne6 65. Qh8+ Kg6 66. Nh3 Ng7 67. Nf4+ Kf7 68. Qh6 Ne8 69. Qxh5+ Ke7 70. Qxf5 Nd6 71. Qe6+ 1-0


[Site "https://www.chess.com"]

[Event "Titled Tuesday Blitz May 10 Early 2022"]
[White "Horobetz, Graham"]
[Black "Lauridsen, Jesper Morch"]
[WhiteFideId "2047322"]
[BlackFideId "1401890"]
[WhiteElo "2574"]
[BlackElo "2221"]
[Result "1-0"]
[Round "01"]
[TimeControl "180+1"]
[Date "2022.05.11"]
[WhiteClock "0:00:47"]
[BlackClock "0:00:04"]

1. e4 e5 2. Nf3 Nf6 3. d4 Nxe4 4. Bd3 d5 5. Nxe5 Nd7 6. Nxd7 Bxd7 7. O-O Bd6 8. c4 O-O 9. Nc3 Qh4 10. f4 Nxc3 11. bxc3 dxc4 12. Bxc4 Rae8 13. Bd2 Bg4 14. Qc2 Be2 15. Be1 Bxf1 16. Bxh4 Bxc4 17. Re1 Rxe1+ 18. Bxe1 Bxf4 19. Qe4 Bd6 20. Bg3 Bxg3 21. hxg3 c6 22. a3 Bd5 23. Qe7 b5 24. Qxa7 Re8 25. a4 bxa4 26. Qxa4 g6 27. c4 Be6 28. d5 Bf5 29. Qxc6 Re2 30. d6 Be4 31. Qe8+ Kg7 32. d7 Rxg2+ 33. Kf1 1-0


[Site "https://www.chess.com"]

[Event "Titled Tuesday Blitz May 10 Early 2022"]
[White "Hua, Lefong"]
[Black "Polanco Nunez, Yoel Estarling"]
[WhiteFideId "2602253"]
[BlackFideId "6401783"]
[WhiteElo "2598"]
[BlackElo "2132"]
[Result "1-0"]
[Round "01"]
[TimeControl "180+1"]
[Date "2022.05.11"]
[WhiteClock "0:00:20"]
[BlackClock "0:00:08"]

1. d4 Nf6 2. c4 e6 3. Nc3 Bb4 4. f3 c5 5. d5 b5 6. e4 O-O 7. e5 Ne8 8. f4 d6 9. Nf3 f6 10. exd6 Nxd6 11. cxb5 Re8 12. Be2 Ne4 13. O-O Bxc3 14. bxc3 Nxc3 15. Qc2 Nxe2+ 16. Qxe2 exd5 17. Qc2 Nd7 18. Rd1 Bb7 19. a4 Kh8 20. Ba3 d4 21. Qf2 Re3 22. Nd2 Bd5 23. Nf1 Rc3 24. Bb2 Rb3 25. Rd2 Qc7 26. Rc1 Qa5 27. Ra1 Qb4 28. Ng3 Re8 29. h4 Rbe3 30. Nf5 R3e6 31. Ba3 Qa5 32. Rc1 g6 33. Ng3 c4 34. Qxd4 Re1+ 35. Rxe1 Rxe1+ 36. Kh2 Bg8 37. Qxd7 Qb6 38. Bf8 1-0


[Site "https://www.chess.com"]

[Event "Titled Tuesday Blitz May 10 Early 2022"]
[White "Ismayil, Malak"]
[Black "Korchmar, Vasiliy"]
[WhiteFideId "13412604"]
[BlackFideId "24131750"]
[WhiteElo "1879"]
[BlackElo "2370"]
[Result "0-1"]
[Round "01"]
[TimeControl "180+1"]
[Date "2022.05.11"]
[WhiteClock "0:00:07"]
[BlackClock "0:00:08"]

1. e4 c5 2. Nf3 d6 3. d4 cxd4 4. Nxd4 Nf6 5. Nc3 Nc6 6. Nxc6 bxc6 7. Bc4 e5 8. O-O Be7 9. Bg5 O-O 10. Qd2 h6 11. Bxf6 Bxf6 12. Rad1 Be7 13. Bb3 Kh8 14. f4 exf4 15. Qxf4 f5 16. e5 Bg5 17. Qf2 d5 18. Na4 f4 19. Qf3 Bf5 20. Rfe1 Qc8 21. Qf2 f3 22. g3 Be7 23. c4 Be4 24. cxd5 cxd5 25. Bxd5 Bxd5 26. Rxd5 Qc4 27. Rd4 Qxa2 28. Kh1 Rac8 29. Rde4 Qb3 30. Nc3 Bc5 31. Qd2 f2 32. Rf1 Qb7 33. Qe2 Bb4 34. Kg2 Bxc3 35. bxc3 Rxc3 36. Kh3 Rcf3 37. Re3 R3f5 38. e6 Qd5 39. Qg4 Rh5+ 40. Qh4 Rxh4+ 41. Kxh4 Re8 42. Kh3 Rxe6 43. Rxe6 Qxe6+ 44. Kg2 a5 45. Rxf2 Qd5+ 46. Kg1 a4 47. Rf8+ Kh7 48. Rf2 a3 49. g4 a2 50. h4 a1=Q+ 0-1


[Site "https://www.chess.com"]

[Event "Titled Tuesday Blitz May 10 Early 2022"]
[White "Janaszak, Dawid"]
[Black "Bifulco, Michel"]
[WhiteFideId "1119206"]
[BlackFideId "828580"]
[WhiteElo "2199"]
[BlackElo "2165"]
[Result "1-0"]
[Round "01"]
[TimeControl "180+1"]
[Date "2022.05.11"]
[WhiteClock "0:02:34"]
[BlackClock "0:02:38"]

1. e4 e5 2. Nf3 Nc6 3. d4 exd4 4. Nxd4 Nf6 5. Nxc6 bxc6 6. e5 Qe7 7. Qe2 Nd5 8. h4 Qe6 9. a3 f6 10. c4 Ba6 11. cxd5 cxd5 12. Qxa6 1-0


[Site "https://www.chess.com"]

[Event "Titled Tuesday Blitz May 10 Early 2022"]
[White "Jaracz, Pawel"]
[Black "Needleman, Alejandro"]
[WhiteFideId "1102222"]
[BlackFideId "100730"]
[WhiteElo "2429"]
[BlackElo "2353"]
[Result "1-0"]
[Round "01"]
[TimeControl "180+1"]
[Date "2022.05.11"]
[WhiteClock "0:01:03"]
[BlackClock "0:00:08"]

1. d4 c5 2. d5 Nf6 3. Nc3 g6 4. e4 d6 5. Bc4 Bg7 6. h3 O-O 7. Nf3 b5 8. Nxb5 Nxe4 9. O-O Ba6 10. a4 Nd7 11. Re1 Nef6 12. Bf1 Nb6 13. c4 Bxb5 14. axb5 a6 15. bxa6 Ra7 16. Be3 Qc7 17. Ra3 Rfa8 18. Qa1 Nfd7 19. Bg5 f6 20. Bd2 Nb8 21. Re6 Rxa6 22. Rxa6 Rxa6 23. Qe1 Nc8 24. h4 Nd7 25. h5 Nf8 26. Re2 f5 27. hxg6 hxg6 28. Bc3 Bxc3 29. Qxc3 Qa5 30. Qe3 Qb4 31. Qh6 Ra1 32. Nd2 Qxb2 33. g3 Qg7 34. Qh4 Nh7 35. Kg2 Nf6 36. Nf3 Ne4 37. Ng5 Nxg5 38. Qxg5 Rd1 39. Re3 Rd4 40. Rb3 Kf7 41. Rb8 Qh8 42. Qe3 Re4 43. Qa3 f4 44. Qf3 Re5 45. Qg4 Rf5 46. Bd3 f3+ 47. Kg1 Qa1+ 48. Rb1 Qd4 49. Bxf5 gxf5 50. Qxf5+ 1-0


[Site "https://www.chess.com"]